 Dungeon Crawl Stone Soup version 0.24-a0-769-g368c1644f8 (webtiles) character file.

Game seed: 15269646212153672804, levelgen mode: deterministic

37 Masnef the Skirmisher (level 3, -2/23 HPs)
             Began as a Kobold Fighter on Oct 4, 2019.
             Slain by Sigmund
             ... wielding a +0 scythe
              (5 damage)
             ... on level 2 of the Dungeon.
             The game lasted 00:02:50 (836 turns).

Masnef the Skirmisher (Kobold Fighter)               Turns: 836, Time: 00:02:50

Health: -2/23      AC:  7    Str: 19    XL:     3   Next: 60%
Magic:  3/3        EV:  9    Int:  9    God:
Gold:   27         SH:  9    Dex: 14    Spells: 2/2 levels left

rFire    . . .     SeeInvis .   a - +0 flail
rCold    . . .     Gourm    .   c - +0 shield
rNeg     . . .     Faith    .   b - +0 scale mail
rPois    .         Spirit   .   o - +0 hat
rElec    .         Reflect  .   g - +0 cloak
rCorr    .         Harm     .   (no gloves)
MR       .....                  (no boots)
Stlth    +.........             (no amulet)
HPRegen  0.07/turn              e - ring of stealth
MPRegen  0.08/turn              (no ring)

@: mighty
A: small, carnivore
a: no special abilities


You were on level 2 of the Dungeon.
You were very full.

You visited 1 branch of the dungeon, and saw 2 of its levels.

You collected 27 gold pieces.

Inventory:

Hand Weapons
 a - a +0 flail (weapon)
Armour
 b - a +0 scale mail (worn)
 c - a +0 shield (worn)
 g - a +0 cloak (worn)
 o - a +0 hat (worn)
Jewellery
 e - a ring of stealth (left hand)
Scrolls
 k - 2 scrolls of identify
Potions
 h - a potion of degeneration
Comestibles
 f - 6 rations


   Skills:
 + Level 3.6 Fighting
 + Level 2.2 Maces & Flails
 + Level 2.6 Armour
 + Level 2.9 Shields


You had 2 spell levels left.
You didn't know any spells.
Your spell library was empty.

Dungeon Overview and Level Annotations

Branches:
Dungeon (2/15)

Altars:

Annotations:
D:2 Sigmund


Innate Abilities, Weirdness & Mutations

You are small and have problems with some larger weapons.
You are carnivorous and can eat meat at any time.


Message History

Deactivating autopickup; reactivate with Ctrl-A.
A worm comes into view.
Something hits you but does no damage.
You closely miss something.
You hear some strange, mumbled words.
A magic dart appears from out of thin air!
The magic dart hits you.
You closely miss something. Something hits you but does no damage.
Unknown command.
Unknown command.
You miss something. Something hits you but does no damage.
Your scale mail prevents you from hitting something.
You hear a zap.
A puff of flame appears from out of thin air!
The puff of flame hits you!
You closely miss something. Something hits you.
* * * LOW HITPOINT WARNING * * *
Unknown command.
You barely miss something. Something hits you.
You die...

....###......)..#####.*,,,,,*****
###.##.÷#.............*,*****
#*#.....÷........####**,******
#..............## *,,,,,,*
*#..............#######.,,,,,*
.....######.##..#.......,,,,>*
###..####...###.#.....#*,,,,,*
##...#....### #%#.....##,,,,,*
.....#.###* *#.@.......,,,,,*
.........#####...{.....#**,***
##.#.....).....##.....##*,,*
............###**..w..# *,**
##.#....###,,,* *.....#**,*
#.##<### ***,***.....#,,,*
##.#..##### *,,**.......***
..........#***,,,.##..##******
.#.#####.....,***,,,,,,,,,,,,*


You could see a worm.

Vanquished Creatures
  An adder (D:2)
  2 dart slugs
  3 bats
  4 goblins
  4 hobgoblins
  4 frilled lizards
  2 kobolds
  4 rats (D:1)
24 creatures vanquished.

Notes
Turn   | Place    | Note
-------+----------+-------------------------------------------
     0 | D:1      | Masnef the Kobold Fighter began the quest for the Orb.
     0 | D:1      | Reached XP level 1. HP: 14/14 MP: 1/1
   130 | D:1      | Reached XP level 2. HP: 19/19 MP: 2/2
   479 | D:2      | Reached XP level 3. HP: 23/23 MP: 3/3
   821 | D:2      | Noticed Sigmund
   836 | D:2      | Slain by Sigmund

Levels and vault maps discovered:
D:1:      dpeg_arrival_lava_altar, layout_rooms
D:2:      layout_rooms, grunt_dithmenos_smoke_and_mirrors,
          chequers_ecumenical_altar_simple_redux, uniq_sigmund

Skill      XL: |  1  2 |
---------------+-------+-----
Maces & Flails | 2 |  2.2
Fighting       | |  3.6
Armour         | |  2.6
Shields        | |  2.9

Action                   || total
-------------------------++-------
Melee: Flail             ||    95
  Use: Scroll            ||     5
       Potion            ||     2
 Stab: Sleeping          ||     1
  Eat: Chunk             ||     7
Armor: Scale mail        ||    34
Dodge: Dodged            ||    25
Block: Shield            ||    45

Table legend:
 A = Non-vault XP
 B = Vault XP
 C = Vault XP percentage of total XP
 D = Non-vault monster count
 E = Vault monster count
 F = Vault count percentage of total count
                 A         B        C        D         E       F
            +---------+---------+-------+---------+---------+-------
      Total |      53 |       0 |   0.0 |      24 |       0 |   0.0
            +---------+---------+-------+---------+---------+-------
        D:1 |      26 |       0 |   0.0 |      16 |       0 |   0.0
        D:2 |      27 |       0 |   0.0 |       8 |       0 |   0.0
            +---------+---------+-------+---------+---------+-------
